← All builds
Geo / Armada / Economy first / OBSERVED BUILD

Standard geo

Armada Geo build order · Supreme Isthmus

Standard Geo economy into T2 constructor and Starlight/Jaguar units sent to front as usual, with support built for teammates along the way.

Usually blows up the commander for T2 (72%)

#eco #t2 #team support · 1331 distinct matches · 235 players · 55% of Armada Geo games · team won 55% of 1552 · Recently observed

HOW TO PLAY IT

Key timing: T2 constructor by 4:55

  1. Open 2 mex and wind, then Bot Lab by 0:35.
  2. Rush geothermal powerplant to fund T2 ahead of other roles.
  3. Get T2 constructor out to start building T2 units.
  4. Add Vehicle Plant and Advanced Geothermal for the T2 push.
  5. Fly first Starlight to front with a transport from Air.

Phase by phase

TYPICAL OF ITS 1331 GAMES
  1. 1
  2. 2
  3. 3
  4. 4
PLAY THE OPENING

Follow the example game's first 6:00 step by step: what to build now, what comes next, and where it goes. At 1× it keeps pace with your own game.

  1. 1

    Up to the Bot Lab

    Economy
    • Metal Extractor3Mex
    • Wind Turbine4Wind
    Order
    1. Bot LabBot Lab after 3 mex, 4 winddone ~1:12, middle half 0:58–1:21

    By 0:55 in all: 3 mex · 4 wind

    The example game in this phase · 5 steps
    1. Mex ×2
    2. Wind
    3. Mex
    4. Wind ×4
    5. Bot LabBot Labdone 1:26 · typical 1:12
  2. 2

    Bot Lab to 5:00

    Economy
    • Metal Extractor2Mex
    • Wind Turbine3Wind
    • Energy Converter8Converter
    • Energy Storage1Energy storage
    Order
    1. Geothermal PowerplantGeo after 4 mex, 5 wind, 1 energy storage
    2. Bot LabEat Bot Lab
    Builders
    • Construction Turret5 Con turret
    • Lazarus4 Lazarus
    • Construction Bot2 Con bot
    • Construction Bot1 Con bot for allies
    • Lazarus1 Lazarus for allies

    By 5:00 in all: 4 mex · 7 wind · 1 geo · 8 converter · 1 energy storage · 5 con turret

    The example game in this phase · 21 steps
    1. LazarusLazarus ×2
    2. LazarusLazarusfor Beach sea
    3. Construction BotCon botfor Beach sea
    4. LazarusLazarus
    5. Construction BotCon bot
    6. LazarusLazarus
    7. PawnPawn ×2for Front
    8. Geothermal PowerplantGeodone 3:40 · typical 3:29
    9. Mex
    10. PawnPawnfor Front
    11. LazarusLazarus
    12. CenturionCenturion
    13. Bot LabEat Bot Labreclaimed for its metal
    14. Con turret ×2
    15. Converter ×2
    16. Con turret
    17. Converter
    18. Con turret
    19. Converter ×3
    20. Con turret
    21. Converter ×2
  3. 3

    5:00 to Vehicle Plant

    Order
    1. Advanced Geothermal PowerplantAdvanced Geothermal Powerplant after 8 wind, 10 converter, 6 con turretin 57% of games
    2. Vehicle PlantVehicle Plant after 9 wind, 10 converter, 6 con turretdone ~7:06, middle half 6:39–7:32

    Some games also: con turret (49%) · converter (49%) · wind (41%)

    By 6:56 in all: 4 mex · 9 wind · 1 geo · 1 Advanced Geothermal Powerplant · 10 converter · 1 energy storage

    The example game in this phase · 13 steps
    1. Con turret
    2. Wind ×10
    3. Advanced Metal ExtractorT2 mexdone 5:59 · typical 5:38
    4. Converter
    5. Wind
    6. Converter ×3
    7. Advanced Metal ExtractorT2 mex
    8. Converter
    9. Wind ×2
    10. Advanced Metal ExtractorT2 mex
    11. Wind ×5
    12. Advanced Geothermal PowerplantAdvanced Geothermal Powerplantdone 7:34 · typical 7:10
    13. Wind
  4. 4

    Vehicle Plant to 10:00

    Economy
    • Wind Turbine5Wind
    • Energy Converter4Converter
    Order
    1. Advanced Vehicle PlantAdvanced Vehicle Plant after 10 wind, 11 converter, 6 con turret
    2. Vehicle PlantEat Vehicle Plant
    Builders
    • Construction Vehicle1 Con vehicle
    • Advanced Construction Vehicle1 T2 con vehicle for allies
    Army
    • Starlight2 Starlight
    • Umbra1 Jammer
    • Prophet1 Radar vehicle

    Some games also: con turret (48%) · Jaguar (36%)

    By 10:00 in all: 4 mex · 18 wind · 1 geo · 1 Advanced Geothermal Powerplant · 16 converter · 1 energy storage

    The example game in this phase · 169 steps
    1. Advanced Metal ExtractorT2 mex
    2. Wind ×3
    3. Advanced Bot LabAdvanced Bot Labdone 8:10
    4. Converter ×2
    5. Advanced Construction BotT2 con botfor Suicide front
    6. Converter
    7. ButlerButler ×2
    8. Con turret
    9. ButlerButler ×4
    10. Wind ×2
    11. SharpshooterSniper botdone 9:07
    12. Wind ×3
    13. SharpshooterSniper bot
    14. Converter
    15. Wind
    16. Con turret
    17. Wind ×2
    18. Con turret
    19. Converter
    20. Wind ×3
    21. Converter
    22. SharpshooterSniper bot
    23. Con turret
    24. Wind ×3
    25. Converter
    26. Wind ×2
    27. SmugglerJammer bot
    28. Converter
    29. Wind
    30. CompassRadar bot
    31. Wind
    32. Advanced Construction BotT2 con bot
    33. Wind
    34. Converter
    35. Wind
    36. ButlerButler
    37. Wind
    38. ButlerButler
    39. Wind
    40. Converter
    41. Wind
    42. ButlerButler
    43. Wind
    44. ButlerButler
    45. Wind
    46. Converter
    47. Wind
    48. ArbalestArbalest
    49. Wind ×2
    50. Converter
    51. Wind ×3
    52. Converter
    53. Wind
    54. UmbrellaAnti-nukedone 11:09
    55. Wind
    56. Converter
    57. Wind ×4
    58. Converter
    59. Wind
    60. ArbalestArbalest
    61. Wind ×5
    62. Converter
    63. Wind ×2
    64. PlatypusPlatypus
    65. Wind ×2
    66. PlatypusPlatypus
    67. Wind
    68. Converter
    69. Wind ×3
    70. PlatypusPlatypus
    71. Wind ×2
    72. PlatypusPlatypus
    73. Wind
    74. Converter
    75. Wind ×3
    76. PlatypusPlatypus
    77. Wind ×2
    78. Converter
    79. Wind ×6
    80. Converter
    81. Wind ×4
    82. PlatypusPlatypus
    83. Wind ×2
    84. Converter
    85. Wind
    86. PlatypusPlatypus
    87. Wind
    88. PlatypusPlatypus
    89. Wind ×2
    90. Converter
    91. Wind
    92. PlatypusPlatypus
    93. Wind ×2
    94. PlatypusPlatypus
    95. Wind ×3
    96. Converter
    97. Wind ×4
    98. Converter
    99. Wind ×6
    100. Converter
    101. Wind ×6
    102. Converter
    103. Wind ×6
    104. Converter
    105. Wind ×5
    106. Converter
    107. Wind ×6
    108. Converter
    109. Wind ×2
    110. PlatypusPlatypus
    111. Wind ×4
    112. PlatypusPlatypus
    113. Converter
    114. Wind ×2
    115. PlatypusPlatypus
    116. Wind ×2
    117. PlatypusPlatypus
    118. Con turret
    119. Wind ×2
    120. Converter
    121. Wind
    122. Con turret
    123. Wind
    124. PlatypusPlatypus
    125. Wind
    126. Con turret
    127. Wind ×2
    128. Con turret
    129. Wind
    130. PlatypusPlatypus
    131. Converter
    132. Wind ×4
    133. TracerTracer
    134. Wind
    135. Converter
    136. Wind ×5
    137. ButlerButler
    138. PlatypusPlatypus
    139. Wind
    140. Converter
    141. Wind ×2
    142. PlatypusPlatypus
    143. Wind
    144. PlatypusPlatypus
    145. Wind ×2
    146. Converter
    147. Wind
    148. PlatypusPlatypus
    149. Wind ×3
    150. PlatypusPlatypus
    151. Wind ×2
    152. Converter
    153. Wind
    154. PlatypusPlatypus
    155. Wind ×3
    156. PlatypusPlatypus
    157. Wind
    158. Converter
    159. Wind ×2
    160. PlatypusPlatypus
    161. Wind ×3
    162. PlatypusPlatypus
    163. Wind ×3
    164. Converter
    165. Wind
    166. PlatypusPlatypus
    167. Wind ×5
    168. PlatypusPlatypus
    169. Fusion ReactorFusionnot finished by 15:00

Counts are medians over the build's games: half of them build more, half fewer. The example game is [NWP]Bertus9912's (31 OS, 04/10/2026); pick another.

Team trades

IN AT LEAST 30% OF ITS GAMES

You hand over

  • Lazarus1 Lazarus to Beach seafirst at 2:17 · in 75% of games
  • Construction Bot1 Con bot to Beach seafirst at 2:27 · in 87% of games
  • Advanced Construction Vehicle1 T2 con vehicle to Suicide front or Frontfirst at 8:48 · in 63% of games

You get

  • Advanced Construction Bot1 T2 con bot from Techfirst at 4:52 · in 94% of games

How it plays out

Typical game of this build, running totals by minute

Metal produced

020k40k
0:005:0010:0015:00

metal

Enemy metal destroyed

05k10k15k
0:005:0010:0015:00

metal

Own metal lost

02k4k6k
0:005:0010:0015:00

metal

1552 games.

Show as table
ByMetal produced: This buildEnemy metal destroyed: This buildOwn metal lost: This build
1:0033300
2:0085900
3:00152700
4:00267100
5:00369400
6:00563800
7:00802300
8:001134500
9:00144074384
10:0017278479200
11:00201201748520
12:002299236211607
13:002573459102971
14:002858382484426
15:0031354102055580
WHAT THE NUMBERS SAY

Standard Geo play wins about half its games while destroying the most enemy metal by 15:00 among the roles shown here.

  • + Enemy metal destroyed jumps to 10560 by 15:00, highest of all six builds.
  • + Starlight makes up 34% of army, delivering the long-range T2 push.
  • − Own metal lost reaches 5977 by 15:00 from the aggressive T2 push.
  • − First Starlight only arrives in 60% of games, a late or inconsistent push.
THE EXAMPLE YOU ARE READING

[NWP]Bertus9912

30.7 OS · 04/10/2026

Open source match ↗

2 received units · includes a constructor
2233 metal received · 49559 energy received

Allied construction assistance is unknown. Timings are observations, not a promise of solo reproducibility.

Typical milestones

Bot Lab1:12Middle 50%: 0:58–1:21 · n=1551
Geothermal Powerplant3:29Middle 50%: 3:13–3:47 · n=1543
Advanced Metal Extractor5:38Middle 50%: 5:21–6:01 · n=1543
Vehicle Plant7:06Middle 50%: 6:39–7:32 · n=1500
Advanced Geothermal Powerplant7:10Middle 50%: 6:51–7:41 · n=1123
Advanced Vehicle Plant8:01Middle 50%: 7:40–8:33 · n=1435
Starlight9:03Middle 50%: 8:32–9:46 · n=1296

Played most by

0neTw0120games of this buildzeus_on_god118games of this buildXad53games of this buildTheGeneraI46games of this buildViltrum41games of this build